 Dungeon Crawl Stone Soup version 0.29.1 (webtiles) character file.

Game seed: 4309030010970758760

32 Sabo the Gusty (level 3, 0/31 HPs)
             Began as an Ogre Air Elementalist on Sept 15, 2022.
             Succumbed to an adder's poison
             ... on level 2 of the Dungeon.
             The game lasted 00:11:34 (2261 turns).

Sabo the Gusty (Ogre Air Elementalist)              Turns: 2261, Time: 00:11:35

Health: 0/31       AC:  3    Str: 12    XL:     3   Next: 27%
Magic:  6/6        EV: 10    Int: 18    God:
Gold:   44         SH:  0    Dex:  9    Spells: 6/7 levels left

rFire   . . .      SeeInvis .   h - +1 whip
rCold   . . .      Faith    .   (no shield)
rNeg    . . .      Spirit   .   a - +0 robe
rPois   .          Reflect  .   (helmet restricted)
rElec   .          Harm     .   (no cloak)
rCorr   .          Rampage  .   (gloves unavailable)
Will    .....                   (boots unavailable)
Stlth   +.........              (no amulet)
HPRegen 0.10/turn               (no ring)
MPRegen 0.10/turn               (no ring)

@: lethally poisoned (0 -> -2)
A: large, unfitting armour, tough skin 1
a: no special abilities


You were on level 2 of the Dungeon.
You visited 1 branch of the dungeon, and saw 2 of its levels.

You collected 44 gold pieces.

Inventory:

Hand Weapons
 e - a +0 dagger
 f - a +0 sling
 h - a +1 whip (weapon)
Armour
 a - a +0 robe (worn)
Scrolls
 c - 2 scrolls of fog
 d - a scroll of enchant weapon
 g - a scroll of enchant armour {unknown}
 i - a scroll of identify {unknown}
 j - a scroll of teleportation {unknown}
Potions
 b - a potion of magic


   Skills:
 + Level 0.1 Maces & Flails
 + Level 2.2 Dodging
 + Level 1.4 Stealth
 + Level 2.6 Spellcasting
 + Level 1.1 Conjurations
 + Level 3.3 Air Magic


You had 6 spell levels left.
You knew the following spells:

 Your Spells              Type           Power      Damage    Failure   Level
a - Shock                 Conj/Air       40%        1d5       7%          1

Your spell library contained the following spells:

 Spells                   Type           Power      Damage    Failure   Level
 Static Discharge         Conj/Air       10%        3-5/arc   11%         2
 Swiftness                Air            14%        N/A       13%         3
 Airstrike                Air            7%         2d(1-17)  38%         4
 Portal Projectile        Hex/Tloc       4%         N/A       45%         3
 Tukima's Dance           Hex            2%         N/A       45%         3
 Blade Hands              Tmut           1%         N/A       99%         5


Dungeon Overview and Level Annotations

Branches:
Dungeon (2/15)

Altars:


Innate Abilities, Weirdness & Mutations

You are too large for most types of armour.
You have tough skin. (AC +1)


Message History

You completely miss the adder.
You feel sick. The adder completely misses you.
You barely miss the adder.
You feel sick. The adder closely misses you. x2
You closely miss the adder.
You feel sick. The adder barely misses you.
You hit the adder.
The adder is lightly wounded.
You feel sick. The adder bites you. x2
You are more poisoned.
The adder poisons you!
You closely miss the adder.
The adder is lightly wounded.
You feel sick. The adder bites you.
You hit the adder.
The adder is severely wounded.
You feel sick. The adder barely misses you.
You miss the adder.
The adder is severely wounded.
You feel sick. The adder barely misses you. The adder bites you.
You closely miss the adder.
The adder is heavily wounded.
You feel sick.
You are no longer poisoned.
The adder bites you.
You are poisoned.
The adder poisons you!
You miss the adder.
The adder is heavily wounded.
You feel sick. The adder closely misses you.
The adder bites you but does no damage.
You miss the adder.
The adder is heavily wounded.
You feel sick. The adder barely misses you.
You miss the adder.
The adder is heavily wounded.
You feel sick. The adder bites you.
* * * LOW HITPOINT WARNING * * *
The adder bites you.
* * * LOW HITPOINT WARNING * * *
You hit the adder but do no damage.
The adder is heavily wounded.
You die...

#.#### #....#
#....##
####.....######...
.................>
#####...##.####...
#...##.)..#
#...#####.## #####
#@S# ##....#
###.... .#. $.


P You could see an adder.

Vanquished Creatures
  2 dart slugs
  4 ball pythons
  A bat (D:2)
  2 endoplasms
  2 giant cockroaches
  A goblin (D:1)
  6 hobgoblins
  A frilled lizard (D:1)
  2 kobolds (D:1)
  5 rats (D:1)
26 creatures vanquished.

Vanquished Creatures (others)
  A plant (D:2)
1 creature vanquished.

Grand Total: 27 creatures vanquished

Notes
Turn   | Place    | Note
-------+----------+-------------------------------------------
     0 | D:1      | Sabo the Ogre Air Elementalist began the quest for the Orb.
     0 | D:1      | Reached XP level 1. HP: 16/16 MP: 3/3
   342 | D:1      | Reached skill level 1 in Conjurations
   407 | D:1      | Reached skill level 3 in Air Magic
   407 | D:1      | Reached XP level 2. HP: 24/24 MP: 3/5
  1606 | D:1      | Reached XP level 3. HP: 30/31 MP: 6/6
  2260 | D:2      | HP: 1/31 [adder (3)]
  2261 | D:2      | Succumbed to an adder's poison

Illustrated notes

Levels and vault maps discovered:
D:1:      heliophobic_arrival_dark_side_of_the_moon, layout_basic, minivault_11
D:2:      layout_basic, shapermc_ecumenical_altar_acropolis, uniq_natasha

Skill      XL: |  1  2 |
---------------+-------+-----
Conjurations   | 1 |  1.1
Air Magic      | 3 |  3.3
Dodging        | 2 |  2.2
Maces & Flails | |  0.1
Stealth        | |  1.4
Spellcasting   | |  2.6

Action                   || total
-------------------------++-------
Melee: Dagger            ||    10
       Whip              ||    23
 Cast: Shock             ||    40
  Use: Scroll            ||     2
Armor: Robe              ||     6
Dodge: Dodged            ||    17
